cohdb
Replays
Latest Replays
All Replays
Popular Replays
Top Player Replays
Match Explorer
How It Works
Community
CoH3 Stats
Reddit
Sign in to upload your games and track your stats! →
Sign in with Steam
Match 45446373
Unlisted
Match 45446373
Overview
Messages
Build Orders
End
Selects Italian Coastal Battlegroup
Selects Coastal Reserves
Coastal Reserve
Construct Infanterie Kompanie
MG 42 Machine Gun Team
GrW 34 Mortar Team
Grenadier Squad
Construct Luftwaffe Kompanie
221 Scout Car
Selects Designate Defensive Line
Selects Rapid Fortifications
Rapid Fortifications
221 Scout Car
Medical Bunker
Jäger Squad
Rapid Fortifications
Flak 30 Anti-aircraft Gun Team
MG 42 Bunker
Selects Artillery Officer
Selects Bulwark
Designate Defensive Line
Support Elements
Jäger Squad
Artillery Officer
Rapid Fortifications
MG 42 Bunker
Designate Defensive Line
Marder III M Tank Destroyer
Rather Splendid Cromwell
Toad in a Sandwich
FloofieDog
Brick_man
Axis For Braindeads
StaRadian((
0
0
Comments
sign in to comment!
No comments posted yet!